TOP OF THE 1ST |
H.H. Dow HS Chargers batting - Pitching for Fort Worth HS Turkeys : RHP Rusty Vallee
|
Pitching: RHP Rusty Vallee
|
|
Batting: LHB Bob Coztana
|
0-0: Called Strike 0-1: Swinging Strike 0-2: SINGLE (Groundball, 4MD)
|
Batting: LHB T.J. Richardson
|
0-0: Foul Ball, location: 2F 0-1: Called Strike Bob Coztana is caught stealing 2nd base 0-2: Foul Ball, location: 2F 0-2: Ball 1-2: Ball 2-2: Foul Ball, location: 2F 2-2: Ground out 1-3 (Groundball, 13)
|
Batting: RHB Melvin Matthews
|
0-0: Foul Ball, location: 2F 0-1: Foul Ball, location: 2F 0-2: Foul Ball, location: 2F 0-2: Ball 1-2: Ball 2-2: Ground out 4-3 (Groundball, 4)
|
Top of the 1st over - 0 run(s), 1 hit(s), 0 error(s), 0 left on base; H.H. Dow HS 0 - Fort Worth HS 0 |
BOTTOM OF THE 1ST |
Fort Worth HS Turkeys batting - Pitching for H.H. Dow HS Chargers : RHP Alejandro Ortíz
|
Pitching: RHP Alejandro Ortíz
|
|
Batting: LHB Fernando García
|
0-0: Called Strike 0-1: Ball 1-1: Ball 2-1: Swinging Strike 2-2: Ball 3-2: Fly out, F7 (Flyball, 7)
|
Batting: LHB Ugo Béland
|
0-0: Ball 1-0: Ball 2-0: Ball 3-0: Called Strike 3-1: Base on Balls
|
Batting: RHB Tristan Vincent
|
0-0: Foul Ball, location: 2F 0-1: Ball 1-1: Ball 2-1: Foul Ball, location: 2F 2-2: Foul Ball, location: 2F 2-2: Fly out, F9 (Line Drive, 89M)
|
Batting: LHB Francisco Madraso
|
0-0: Ball 1-0: Called Strike 1-1: Ball Ugo Béland is caught stealing 2nd base
|
Bottom of the 1st over - 0 run(s), 0 hit(s), 0 error(s), 0 left on base; H.H. Dow HS 0 - Fort Worth HS 0 |
TOP OF THE 2ND |
H.H. Dow HS Chargers batting - Pitching for Fort Worth HS Turkeys : RHP Rusty Vallee
|
Batting: RHB Roberto Ramírez
|
0-0: Foul Ball, location: 2F 0-1: Ball 1-1: Swinging Strike 1-2: Ball 2-2: Fly out, F4 (Popup, 4D)
|
Batting: LHB Walt George
|
0-0: Ball 1-0: Called Strike 1-1: Ground out 4-3 (Groundball, 4S)
|
Batting: SHB Jeremy Kline
|
0-0: Ball 1-0: Called Strike 1-1: Ball 2-1: Ground out 4-3 (Groundball, 4M)
|
Top of the 2nd over - 0 run(s), 0 hit(s), 0 error(s), 0 left on base; H.H. Dow HS 0 - Fort Worth HS 0 |
BOTTOM OF THE 2ND |
Fort Worth HS Turkeys batting - Pitching for H.H. Dow HS Chargers : RHP Alejandro Ortíz
|
Batting: LHB Francisco Madraso
|
0-0: Foul Ball, location: 2F 0-1: Ball 1-1: Foul Ball, location: 2F 1-2: Foul Ball, location: 2F 1-2: Ball 2-2: Ball 3-2: Fly out, F8 (Flyball, 78S)
|
Batting: RHB Bill Ménard
|
0-0: Ball 1-0: Ball 2-0: Ball 3-0: Called Strike 3-1: Foul Ball, location: 2F 3-2: SINGLE (Line Drive, 34D)
|
Batting: RHB Denny Dennis
|
0-0: Fielders Choice at 2nd, 6-4 (Groundball, 6)
|
Batting: RHB Mal Roberson
|
0-0: Ball 1-0: Foul Ball, location: 2F 1-1: Ball 2-1: Ball 3-1: Called Strike 3-2: Foul Ball, location: 2F 3-2: SINGLE (Line Drive, 78S) Denny Dennis to second Denny Dennis to third
|
Batting: RHB Terry McRa
|
0-0: Ground out 4-3 (Groundball, 4)
|
Bottom of the 2nd over - 0 run(s), 2 hit(s), 0 error(s), 2 left on base; H.H. Dow HS 0 - Fort Worth HS 0 |
TOP OF THE 3RD |
H.H. Dow HS Chargers batting - Pitching for Fort Worth HS Turkeys : RHP Rusty Vallee
|
Batting: RHB Pat Turner
|
0-0: Ball 1-0: Swinging Strike 1-1: Ball 2-1: SINGLE (Groundball, 6D)
|
Batting: RHB Mario Ramírez
|
0-0: Called Strike Pat Turner steals 2nd base 0-1: Ball 1-1: Ball 2-1: Ground out 6-3 (Groundball, 56)
|
Batting: LHB Foster Clark
|
0-0: Ball 1-0: Ball 2-0: Ball 3-0: Called Strike 3-1: Foul Ball, location: 2F 3-2: Fly out, F8 (Flyball, 89M)
|
Batting: LHB Bob Coztana
|
0-0: Ball 1-0: SINGLE (Flyball, 78M) Pat Turner to third Runner from 3rd tries for Home, SAFE, no throw
|
Batting: LHB T.J. Richardson
|
0-0: Called Strike Bob Coztana steals 2nd base 0-1: Swinging Strike 0-2: Ball 1-2: SINGLE (Line Drive, 6) Bob Coztana to third Runner from 3rd tries for Home, SAFE, no throw
|
Batting: RHB Melvin Matthews
|
0-0: Ball T.J. Richardson steals 2nd base 1-0: Foul Ball, location: 2F 1-1: Ball 2-1: SINGLE (Line Drive, 7LS) T.J. Richardson to third Runner from 3rd tries for Home, SAFE, no throw
|
Batting: RHB Roberto Ramírez
|
0-0: Swinging Strike 0-1: Ball 1-1: Ball 2-1: Foul Ball, location: 2F 2-2: Strikes out swinging
|
Top of the 3rd over - 3 run(s), 4 hit(s), 0 error(s), 1 left on base; H.H. Dow HS 3 - Fort Worth HS 0 |
BOTTOM OF THE 3RD |
Fort Worth HS Turkeys batting - Pitching for H.H. Dow HS Chargers : RHP Alejandro Ortíz
|
Batting: RHB Ken Adams
|
0-0: Called Strike 0-1: Ball 1-1: Ball 2-1: Foul Ball, location: 2F 2-2: Ball 3-2: Base on Balls
|
Batting: LHB Fernando García
|
0-0: Ball 1-0: Swinging Strike 1-1: Foul Ball, location: 2F 1-2: Foul Ball, location: 2F 1-2: Foul Ball, location: 2F 1-2: Ball 2-2: Ball 3-2: Strikes out looking
|
Batting: LHB Ugo Béland
|
0-0: Ball 1-0: Fielders Choice at 2nd, 4-6 (Groundball, 4)
|
Batting: RHB Tristan Vincent
|
0-0: Ball 1-0: Called Strike 1-1: Called Strike 1-2: Strikes out swinging
|
Bottom of the 3rd over - 0 run(s), 0 hit(s), 0 error(s), 1 left on base; H.H. Dow HS 3 - Fort Worth HS 0 |
TOP OF THE 4TH |
H.H. Dow HS Chargers batting - Pitching for Fort Worth HS Turkeys : RHP Rusty Vallee
|
Batting: LHB Walt George
|
0-0: Ball 1-0: Called Strike 1-1: Reached on error, E8 (Flyball, 8RM)
|
Batting: SHB Jeremy Kline
|
0-0: Ball 1-0: Grounds into double play, 6-4-3 (Groundball, 6)
|
Batting: RHB Pat Turner
|
0-0: Swinging Strike 0-1: Ground out 5-3 (Groundball, 56)
|
Top of the 4th over - 0 run(s), 0 hit(s), 1 error(s), 0 left on base; H.H. Dow HS 3 - Fort Worth HS 0 |
BOTTOM OF THE 4TH |
Fort Worth HS Turkeys batting - Pitching for H.H. Dow HS Chargers : RHP Alejandro Ortíz
|
Batting: LHB Francisco Madraso
|
0-0: Ball 1-0: Ball 2-0: Foul Ball, location: 2F 2-1: Ball 3-1: Base on Balls
|
Batting: RHB Bill Ménard
|
0-0: Ball 1-0: Ball 2-0: Foul Ball, location: 2F 2-1: Foul Ball, location: 2F 2-2: Foul Ball, location: 2F 2-2: Ball 3-2: Base on Balls Francisco Madraso to second
|
Batting: RHB Denny Dennis
|
0-0: Ball 1-0: Ball 2-0: Ball 3-0: Base on Balls Francisco Madraso to third Bill Ménard to second
|
Pitching: RHP Conrad Berry
|
|
Batting: RHB Mal Roberson
|
0-0: Ball 1-0: Ball 2-0: Foul Ball, location: 2F 2-1: Foul Ball, location: 2F 2-2: Ball 3-2: Base on Balls Francisco Madraso scores Bill Ménard to third Denny Dennis to second
|
Batting: RHB Terry McRa
|
0-0: Ball 1-0: Ball 2-0: Ball 3-0: Base on Balls Bill Ménard scores Denny Dennis to third Mal Roberson to second
|
Batting: RHB Ken Adams
|
0-0: Ball 1-0: TRIPLE (Line Drive, 9) Denny Dennis scores Mal Roberson scores Terry McRa scores
|
Batting: LHB Fernando García
|
0-0: Called Strike 0-1: Called Strike 0-2: Strikes out swinging
|
Batting: LHB Ugo Béland
|
0-0: Called Strike 0-1: Ball 1-1: Ball 2-1: Foul Ball, location: 2F 2-2: Strikes out looking
|
Batting: RHB Tristan Vincent
|
0-0: Swinging Strike 0-1: Foul Ball, location: 2F 0-2: Ball 1-2: Foul Ball, location: 2F 1-2: Foul Ball, location: 2F 1-2: Foul Ball, location: 2F 1-2: Fly out, F9 (Flyball, 9S)
|
Bottom of the 4th over - 5 run(s), 1 hit(s), 0 error(s), 1 left on base; H.H. Dow HS 3 - Fort Worth HS 5 |
TOP OF THE 5TH |
H.H. Dow HS Chargers batting - Pitching for Fort Worth HS Turkeys : RHP Rusty Vallee
|
Batting: RHB Mario Ramírez
|
0-0: Called Strike 0-1: Called Strike 0-2: Ball 1-2: Foul Ball, location: 2F 1-2: Ball 2-2: Ball 3-2: SINGLE (Groundball, 56) (infield hit)
|
Batting: LHB Foster Clark
|
0-0: Called Strike 0-1: Ball 1-1: Ball 2-1: Called Strike 2-2: Foul Ball, location: 2F 2-2: SINGLE (Groundball, 3D) Mario Ramírez to second Runner from 2nd tries for 3rd, SAFE, throw made to third
|
Batting: LHB Bob Coztana
|
0-0: Fly out, F8 (Flyball, 8RD) Runner from 3rd tags up, SCORES, no throw
|
Batting: LHB T.J. Richardson
|
0-0: Fly out, F4 (Popup, 4S)
|
Batting: RHB Melvin Matthews
|
0-0: Foul Ball, location: 2F 0-1: Called Strike 0-2: Fly out, F8 (Flyball, 8RM)
|
Top of the 5th over - 1 run(s), 2 hit(s), 0 error(s), 1 left on base; H.H. Dow HS 4 - Fort Worth HS 5 |
BOTTOM OF THE 5TH |
Fort Worth HS Turkeys batting - Pitching for H.H. Dow HS Chargers : RHP Conrad Berry
|
Batting: LHB Francisco Madraso
|
0-0: Called Strike 0-1: Ball 1-1: Swinging Strike 1-2: Ball 2-2: Foul Ball, location: 2F 2-2: SOLO HOME RUN (Flyball, 8RXD), Distance : 427 ft
|
Pitching: RHP Vince Chappell
|
|
Batting: RHB Bill Ménard
|
0-0: Called Strike 0-1: Ball 1-1: Called Strike 1-2: Ball 2-2: Ball 3-2: Reached on error, E8 (Flyball, 8RM)
|
Batting: RHB Denny Dennis
|
0-0: Called Strike 0-1: Ball 1-1: Ball 2-1: Ball Wild Pitch! Bill Ménard to second 3-1: Foul Ball, location: 2F 3-2: Strikes out swinging
|
Batting: RHB Mal Roberson
|
0-0: Intentional Walk
|
Batting: RHB Terry McRa
|
0-0: Called Strike 0-1: Ball 1-1: Foul Ball, location: 2F 1-2: Reached on error, E5 (Groundball, 56S) Bill Ménard scores Mal Roberson to third
|
Batting: RHB Ken Adams
|
0-0: Foul Ball, location: 2F 0-1: Fly out, F8 (Flyball, 8LS)
|
Batting: LHB Fernando García
|
0-0: Called Strike 0-1: Foul Ball, location: 2F 0-2: Ball 1-2: Foul Ball, location: 2F 1-2: Foul Ball, location: 2F 1-2: SINGLE (Line Drive, 9) Mal Roberson scores Terry McRa to third
|
Batting: LHB Ugo Béland
|
0-0: Ball 1-0: Ball 2-0: Ball 3-0: Called Strike 3-1: Called Strike 3-2: Foul Ball, location: 2F 3-2: Foul Ball, location: 2F 3-2: SINGLE (Line Drive, 89S) Terry McRa scores Fernando García to second Fernando García to third
|
Batting: RHB Tristan Vincent
|
0-0: Ball 1-0: Ball 2-0: Ball 3-0: Called Strike 3-1: Foul Ball, location: 2F 3-2: Ground out 4-3 (Groundball, 4)
|
Bottom of the 5th over - 4 run(s), 3 hit(s), 2 error(s), 2 left on base; H.H. Dow HS 4 - Fort Worth HS 9 |
TOP OF THE 6TH |
H.H. Dow HS Chargers batting - Pitching for Fort Worth HS Turkeys : RHP Rusty Vallee
|
Pitching: RHP Joe Miller
|
|
Batting: RHB Roberto Ramírez
|
0-0: Called Strike 0-1: Ball 1-1: Ball 2-1: Ball 3-1: Foul Ball, location: 2F 3-2: Foul Ball, location: 2F 3-2: Fly out, F9 (Flyball, 9)
|
Batting: LHB Walt George
|
0-0: Ball 1-0: Called Strike 1-1: Called Strike 1-2: Fly out, F8 (Flyball, 8LD)
|
Batting: SHB Jeremy Kline
|
0-0: Called Strike 0-1: Ball 1-1: Swinging Strike 1-2: Ball 2-2: Fly out, F8 (Flyball, 8RS)
|
Top of the 6th over - 0 run(s), 0 hit(s), 0 error(s), 0 left on base; H.H. Dow HS 4 - Fort Worth HS 9 |
BOTTOM OF THE 6TH |
Fort Worth HS Turkeys batting - Pitching for H.H. Dow HS Chargers : RHP Vince Chappell
|
Pitching: RHP Steve Childers
|
|
Batting: LHB Francisco Madraso
|
0-0: Called Strike 0-1: Foul Ball, location: 2F 0-2: Strikes out swinging
|
Batting: RHB Bill Ménard
|
0-0: Ball 1-0: Ball 2-0: Called Strike 2-1: Ball 3-1: Base on Balls
|
Batting: RHB Denny Dennis
|
0-0: Ball 1-0: Foul Ball, location: 2F 1-1: Ball 2-1: Ball 3-1: Called Strike 3-2: Strikes out swinging
|
Batting: RHB Mal Roberson
|
0-0: Called Strike 0-1: Swinging Strike 0-2: Ball 1-2: Ball 2-2: Hit by Pitch Bill Ménard to second
|
Batting: RHB Terry McRa
|
0-0: Foul Ball, location: 2F 0-1: Foul Ball, location: 2F 0-2: Foul Ball, location: 2F 0-2: Ball 1-2: Fly out, F9 (Flyball, 89M)
|
Bottom of the 6th over - 0 run(s), 0 hit(s), 0 error(s), 2 left on base; H.H. Dow HS 4 - Fort Worth HS 9 |
TOP OF THE 7TH |
H.H. Dow HS Chargers batting - Pitching for Fort Worth HS Turkeys : RHP Joe Miller
|
Batting: RHB Pat Turner
|
0-0: Foul Ball, location: 2F 0-1: Fly out, F5 (Popup, 5D)
|
Batting: RHB Mario Ramírez
|
0-0: Ball 1-0: Called Strike 1-1: Foul Ball, location: 2F 1-2: SINGLE (Groundball, 56D)
|
Batting: LHB Foster Clark
|
0-0: Single, Error in OF, E7, batter to second base Mario Ramírez to third
|
Batting: LHB Bob Coztana
|
0-0: Ball 1-0: Called Strike 1-1: Ball 2-1: Foul Ball, location: 2F 2-2: SINGLE (Line Drive, 6M) Mario Ramírez scores Foster Clark to third
|
Batting: LHB T.J. Richardson
|
0-0: Called Strike 0-1: Ground out 4-3 (Groundball, 34D) Foster Clark scores Bob Coztana to second
|
Pitching: LHP Adam Guerrero
|
|
Batting: RHB Melvin Matthews
|
0-0: Swinging Strike 0-1: Called Strike 0-2: Ball 1-2: Strikes out swinging
|
Top of the 7th over - 2 run(s), 3 hit(s), 1 error(s), 1 left on base; H.H. Dow HS 6 - Fort Worth HS 9 |
BOTTOM OF THE 7TH |
Fort Worth HS Turkeys batting - Pitching for H.H. Dow HS Chargers : RHP Steve Childers
|
Batting: RHB Ken Adams
|
0-0: Foul Ball, location: 2F 0-1: Ball 1-1: Ground out 6-3 (Groundball, 56)
|
Batting: LHB Fernando García
|
0-0: Swinging Strike 0-1: Ball 1-1: Ball 2-1: Called Strike 2-2: Strikes out swinging
|
Batting: LHB Ugo Béland
|
0-0: Ball 1-0: Ball 2-0: Called Strike 2-1: Ball 3-1: Foul Ball, location: 2F 3-2: Foul Ball, location: 2F 3-2: Base on Balls
|
Batting: RHB Tristan Vincent
|
0-0: Ball Ugo Béland steals 2nd base 1-0: Called Strike 1-1: Foul Ball, location: 2F 1-2: Foul Ball, location: 2F 1-2: Foul Ball, location: 2F 1-2: Ball 2-2: Ground out 6-3 (Groundball, 6)
|
Bottom of the 7th over - 0 run(s), 0 hit(s), 0 error(s), 1 left on base; H.H. Dow HS 6 - Fort Worth HS 9 |
TOP OF THE 8TH |
H.H. Dow HS Chargers batting - Pitching for Fort Worth HS Turkeys : LHP Adam Guerrero
|
Now at 1B: Fred Smith
|
|
Batting: RHB Roberto Ramírez
|
0-0: Ball 1-0: Called Strike 1-1: Swinging Strike 1-2: Ball 2-2: SINGLE (Groundball, 6D)
|
Batting: LHB Walt George
|
0-0: Ball 1-0: Swinging Strike 1-1: Ball 2-1: Ball 3-1: Base on Balls Roberto Ramírez to second
|
Pitching: RHP Shawn Miller
|
|
Batting: SHB Jeremy Kline
|
0-0: SINGLE (Flyball, 78S) Roberto Ramírez to third Walt George to second
|
Batting: RHB Pat Turner
|
0-0: Ball Balk! Roberto Ramírez scores Walt George to third Jeremy Kline to second 1-0: Fly out, F7 (Flyball, 7S) Runner from 3rd tags up, SCORES, throw made
|
Batting: RHB Mario Ramírez
|
0-0: Called Strike 0-1: SINGLE (Line Drive, 34D) Jeremy Kline to third
|
Pitching: LHP Sherman Gordon
|
|
Batting: LHB Foster Clark
|
0-0: Called Strike 0-1: SINGLE (Line Drive, 7S) Jeremy Kline scores Mario Ramírez to second
|
Batting: LHB Bob Coztana
|
0-0: Fly out, F4 (Popup, 4)
|
Batting: LHB T.J. Richardson
|
0-0: Called Strike 0-1: Ball 1-1: Ball 2-1: Ball 3-1: Base on Balls Mario Ramírez to third Foster Clark to second
|
Batting: RHB Melvin Matthews
|
0-0: Foul Ball, location: 2F 0-1: Called Strike 0-2: Ground out 3-1 (Groundball, 34)
|
Top of the 8th over - 3 run(s), 4 hit(s), 0 error(s), 3 left on base; H.H. Dow HS 9 - Fort Worth HS 9 |
BOTTOM OF THE 8TH |
Fort Worth HS Turkeys batting - Pitching for H.H. Dow HS Chargers : RHP Steve Childers
|
Batting: LHB Francisco Madraso
|
0-0: Ball 1-0: Hit by Pitch
|
Batting: RHB Bill Ménard
|
0-0: Called Strike 0-1: Foul Ball, location: 2F 0-2: Ball 1-2: DOUBLE (Groundball, 5L) Francisco Madraso to third
|
Batting: RHB Denny Dennis
|
0-0: Ground out 5-3 (Groundball, 56S)
|
Batting: RHB Mal Roberson
|
0-0: Intentional Walk
|
Pitching: RHP Zack Quintero
|
|
Batting: RHB Terry McRa
|
0-0: Called Strike 0-1: Ball 1-1: Ball 2-1: Ball 3-1: Base on Balls Francisco Madraso scores Bill Ménard to third Mal Roberson to second
|
Batting: RHB Ken Adams
|
0-0: Ball 1-0: Swinging Strike 1-1: Foul Ball, location: 2F 1-2: Strikes out swinging
|
Batting: LHB Fernando García
|
0-0: Foul Ball, location: 2F 0-1: Ball 1-1: Foul Ball, location: 2F 1-2: Ball Wild Pitch! Bill Ménard scores Mal Roberson to third Terry McRa to second 2-2: Ball 3-2: Foul Ball, location: 2F 3-2: Foul Ball, location: 2F 3-2: Reached on error, E4 (Groundball, 4) Mal Roberson scores Terry McRa to third
|
Batting: LHB Ugo Béland
|
0-0: Ball 1-0: Foul Ball, location: 2F 1-1: Ball 2-1: Ball 3-1: Reached on error, E4 (Groundball, 4) Terry McRa scores Fernando García to second
|
Batting: RHB Fred Smith
|
0-0: Ball 1-0: Called Strike 1-1: Foul Ball, location: 2F 1-2: Foul Ball, location: 2F 1-2: Ball 2-2: Strikes out swinging
|
Bottom of the 8th over - 4 run(s), 1 hit(s), 2 error(s), 2 left on base; H.H. Dow HS 9 - Fort Worth HS 13 |
TOP OF THE 9TH |
H.H. Dow HS Chargers batting - Pitching for Fort Worth HS Turkeys : LHP Sherman Gordon
|
Pitching: RHP Mario Benoit
|
|
Batting: RHB Roberto Ramírez
|
0-0: Ball 1-0: Called Strike 1-1: Foul Ball, location: 2F 1-2: Ball 2-2: Foul Ball, location: 2F 2-2: Ball 3-2: Base on Balls
|
Batting: LHB Walt George
|
0-0: SINGLE (Line Drive, 8RS) Roberto Ramírez to second
|
Batting: SHB Jeremy Kline
|
0-0: Fly out, F7 (Flyball, 78M)
|
Batting: RHB Pat Turner
|
0-0: SINGLE (Groundball, 6D) Roberto Ramírez to third Walt George to second Runner from 3rd tries for Home, SAFE, throw made home Walt George to third Pat Turner to second
|
Batting: RHB Mario Ramírez
|
0-0: Ball 1-0: Swinging Strike 1-1: Ball 2-1: Ball 3-1: Base on Balls
|
Batting: LHB Foster Clark
|
0-0: Ball 1-0: Ball 2-0: Foul Ball, location: 2F 2-1: Ball 3-1: SINGLE (Groundball, 34D) Walt George scores Pat Turner to third Mario Ramírez to second Runner from 3rd tries for Home, SAFE, throw made home
|
Pitching: RHP Jim Carter
|
|
Batting: LHB Bob Coztana
|
0-0: Fielders Choice at 2nd, 4-6 (Groundball, 4) Mario Ramírez to third
|
Batting: LHB T.J. Richardson
|
0-0: Swinging Strike 0-1: Ball 1-1: SINGLE (Groundball, 4) (infield hit) Mario Ramírez scores Bob Coztana to second
|
Batting: RHB Melvin Matthews
|
0-0: Swinging Strike 0-1: Foul Ball, location: 2F 0-2: Strikes out swinging
|
Top of the 9th over - 4 run(s), 4 hit(s), 0 error(s), 2 left on base; H.H. Dow HS 13 - Fort Worth HS 13 |
BOTTOM OF THE 9TH |
Fort Worth HS Turkeys batting - Pitching for H.H. Dow HS Chargers : RHP Zack Quintero
|
Pitching: RHP Dale Carr
|
|
Batting: LHB Francisco Madraso
|
0-0: Ball 1-0: Fly out, F9 (Flyball, 89M)
|
Batting: RHB Bill Ménard
|
0-0: Called Strike 0-1: Foul Ball, location: 2F 0-2: Ball 1-2: Ball 2-2: Fly out, F9 (Flyball, 9LSF)
|
Batting: RHB Denny Dennis
|
0-0: Called Strike 0-1: Swinging Strike 0-2: Foul Ball, location: 2F 0-2: Ball 1-2: Ground out 6-3 (Groundball, 56)
|
Bottom of the 9th over - 0 run(s), 0 hit(s), 0 error(s), 0 left on base; H.H. Dow HS 13 - Fort Worth HS 13 |
TOP OF THE 10TH |
H.H. Dow HS Chargers batting - Pitching for Fort Worth HS Turkeys : RHP Jim Carter
|
Batting: RHB Roberto Ramírez
|
0-0: Foul Ball, location: 2F 0-1: Foul Ball, location: 2F 0-2: Ball 1-2: Ball 2-2: SINGLE (Groundball, 6MS) (infield hit)
|
Batting: LHB Walt George
|
0-0: Called Strike 0-1: Grounds into double play, 4-6-3 (Groundball, 4)
|
Batting: SHB Jeremy Kline
|
0-0: Ball 1-0: Ball 2-0: Called Strike 2-1: Foul Ball, location: 2F 2-2: Ball 3-2: Base on Balls
|
Batting: RHB Pat Turner
|
0-0: Foul Ball, location: 2F 0-1: Ball 1-1: Swinging Strike 1-2: Ball 2-2: Strikes out swinging
|
Top of the 10th over - 0 run(s), 1 hit(s), 0 error(s), 1 left on base; H.H. Dow HS 13 - Fort Worth HS 13 |
BOTTOM OF THE 10TH |
Fort Worth HS Turkeys batting - Pitching for H.H. Dow HS Chargers : RHP Dale Carr
|
Batting: RHB Mal Roberson
|
0-0: Called Strike 0-1: Ball 1-1: Swinging Strike 1-2: Foul Ball, location: 2F 1-2: Ball 2-2: Fly out, F8 (Flyball, 8LS)
|
Batting: RHB Terry McRa
|
0-0: Ball 1-0: Foul Ball, location: 2F 1-1: Ball 2-1: Foul Ball, location: 2F 2-2: Ball 3-2: SINGLE (Groundball, 6D)
|
Pitching: RHP Steve McDonald
|
|
Batting: RHB Ken Adams
|
0-0: Ball 1-0: Foul Ball, location: 2F 1-1: Ball 2-1: Foul Ball, location: 2F 2-2: Strikes out looking
|
Batting: LHB Fernando García
|
0-0: Ball 1-0: Ball 2-0: Foul Ball, location: 2F 2-1: Foul Ball, location: 2F 2-2: Ball Wild Pitch! Terry McRa to second 3-2: Reached on error, E4 (Groundball, 34) Terry McRa to third
|
Batting: LHB Ugo Béland
|
0-0: Ball 1-0: Called Strike 1-1: Foul Ball, location: 2F 1-2: Ball Fernando García steals 2nd base 2-2: Foul Ball, location: 2F 2-2: Ball 3-2: Base on Balls
|
Batting: RHB Fred Smith
|
0-0: Foul Ball, location: 2F 0-1: Ball 1-1: Ball 2-1: SINGLE (Groundball, 3D) Terry McRa scores
|
Thursday, March 30th, 2017 - OOTP Baseball 17.12 Build 75
|
|